 Dungeon Crawl Stone Soup version 0.27-a0-1448-g9c78c815f3 (webtiles) character file.

Game seed: 5514841963701843118

77 Froggeryz the Firebug (level 4, -2/24 HPs)
             Began as a Deep Elf Fire Elementalist on July 5, 2021.
             Slain by a hobgoblin (3 damage)
             ... on level 3 of the Dungeon.
             The game lasted 00:05:37 (2876 turns).

Froggeryz the Firebug (Deep Elf Fire Elementalist)  Turns: 2876, Time: 00:05:37

Health: -2/24      AC:  1    Str:  5    XL:     4   Next: 14%
Magic:  8/10       EV: 12    Int: 21    God:
Gold:   77         SH:  5    Dex: 15    Spells: 8/9 levels left

rFire    . . .     SeeInvis .   c - +0 dagger
rCold    . . .     Faith    .   (no shield)
rNeg     . . .     Spirit   .   a - +0 robe
rPois    .         Reflect  +   (no helmet)
rElec    .         Harm     .   (no cloak)
rCorr    .         Rampage  .   (no gloves)
Will     .....                  (no boots)
Stlth    ++........             b - amulet of reflection
HPRegen  0.08/turn              (no ring)
MPRegen  0.12/turn              (no ring)

@: unable to read
A: deformed body, passive freeze, inability to read while threatened
a: no special abilities


You were on level 3 of the Dungeon.
You visited 1 branch of the dungeon, and saw 3 of its levels.

You collected 77 gold pieces.

Inventory:

Hand Weapons
 c - a +0 dagger (weapon)
Armour
 a - a +0 robe (worn)
 l - a +2 leather armour of cold resistance
Jewellery
 b - an amulet of reflection (around neck)
 i - a ring of protection from cold
Scrolls
 d - 2 scrolls of identify {unknown}
 e - a scroll of amnesia {unknown}
 f - 2 scrolls of teleportation {unknown}
 h - a scroll of enchant weapon {unknown}
 k - a scroll of silence {unknown}
Potions
 j - a potion of haste {unknown}


   Skills:
 - Level 2.4 Dodging
 - Level 2.4 Stealth
 - Level 3.0 Spellcasting
 - Level 1.1 Conjurations
 * Level 5.5 Fire Magic


You had 8 spell levels left.
You knew the following spells:

 Your Spells              Type           Power      Damage    Failure   Level
a - Foxfire               Conj/Fire      68%        2x1d7     3%          1

Your spell library contained the following spells:

 Spells                   Type           Power      Damage    Failure   Level
 Magic Dart               Conj           28%        1d4       9%          1
 Conjure Flame            Conj/Fire      17%        6-21      10%         3
 Inner Flame              Hex/Fire       14%        N/A       13%         3
 Call Imp                 Summ           3%         N/A       21%         2
 Poisonous Vapours        Pois/Air       6%         N/A       21%         2
 Dazzling Flash           Conj/Hex       10%        N/A       32%         3
 Sticky Flame             Conj/Fire      17%        2d4       32%         4
 Mephitic Cloud           Conj/Pois/Air  4%         N/A       34%         3
 Fireball                 Conj/Fire      8%         3d6       67%         5
 Freezing Cloud           Conj/Ice/Air   2%         6-21      97%         5
 Agony                    Necr           3%         N/A       98%         5
 Silence                  Hex/Air        1%         N/A       98%         5


Dungeon Overview and Level Annotations

Branches:
Dungeon (3/15)

Altars:
Sif Muna


Innate Abilities, Weirdness & Mutations

Armour fits poorly on your strangely shaped body.
A frigid envelope surrounds you and freezes all who hurt you.
You sometimes lose the ability to read scrolls when taking damage.


Message History

The orc hits you but does no damage. The orc barely misses you.
Casting: Foxfire (safe; 3% risk of failure)
Confirm with . or Enter, or press ? or * to list all spells.
You conjure some foxfire!
The orc hits you with a +0 club.
Casting: Foxfire (safe; 3% risk of failure)
Confirm with . or Enter, or press ? or * to list all spells.
There is not enough space to conjure foxfire!
Your foxfire dissipates!
The foxfire hits the orc.
The orc is heavily wounded.
Casting: Foxfire (safe; 3% risk of failure)
Confirm with . or Enter, or press ? or * to list all spells.
You conjure some foxfire!
The foxfire hits the orc.
The orc is almost dead.
You closely miss the orc.
The orc is almost dead.
The foxfire hits the orc.
You kill the orc!
Casting: Foxfire (safe; 3% risk of failure)
Confirm with . or Enter, or press ? or * to list all spells.
You conjure some foxfire!
The orc hits you with a +0 flail!
* * * LOW HITPOINT WARNING * * *
The foxfire hits the orc.
The orc is moderately wounded.
The foxfire hits the orc.
The orc is severely wounded.
The orc closely misses you.
A hobgoblin comes into view.
The hobgoblin shouts!
The hobgoblin hits you.
* * * LOW HITPOINT WARNING * * *
The hobgoblin hits you.
* * * LOW HITPOINT WARNING * * *
It was a potion of mutation.
You feel extremely strange.
Your body twists and deforms.
You lose the ability to read scrolls when threatened.
Your skin feels very cold.
The hobgoblin hits you.
You feel threatened and lose the ability to read scrolls!
You die...

.....####.##................#####
####.##.........................#
####.##.....#..............####.#
............##............## #.#
..).........#######...###### #.#
............##..........#..# #.#
......รท...........#.....#..+ #.#
............##....#...#8#..# #.#
............##..@.#...####.####.#
............##...g#...#.......#.#
........[.#.......oo..#..oog..g.#
........#..##.....#.o.#.o######.#
......... ........###gg#.# #.#
#####.## #..#....# #..#.#


#og .# ##.#.........#.. #.o # #....##....#.. #.. .#.#####...#### #g. You could
see 3 orcs, 2 hobgoblins and a goblin.

Vanquished Creatures
  2 adders
  3 dart slugs
  A worm (D:3)
  An orc (D:3)
  6 ball pythons
  4 bats
  4 endoplasms
  2 giant cockroaches
  6 goblins
  3 hobgoblins
  2 jackals (D:3)
  3 quokkas
  2 frilled lizards (D:3)
  4 kobolds
  5 rats
48 creatures vanquished.

Vanquished Creatures (others)
  153 foxfires
  A fungus (D:2)
154 creatures vanquished.

Grand Total: 202 creatures vanquished

Notes
Turn   | Place    | Note
-------+----------+-------------------------------------------
     0 | D:1      | Froggeryz the Deep Elf Fire Elementalist began the quest
                  | for the Orb.
     0 | D:1      | Reached XP level 1. HP: 10/10 MP: 6/6
   430 | D:1      | Reached skill level 4 in Fire Magic
   430 | D:1      | Reached XP level 2. HP: 15/15 MP: 2/8
  1339 | D:2      | Reached XP level 3. HP: 16/19 MP: 3/9
  2086 | D:2      | Reached skill level 5 in Fire Magic
  2443 | D:3      | Found a shimmering blue altar of Sif Muna.
  2566 | D:3      | Reached XP level 4. HP: 23/24 MP: 7/10
  2871 | D:3      | HP: 1/24 [hobgoblin (4)]
  2876 | D:3      | Gained mutation: Armour fits poorly on your strangely
                  | shaped body. [potion of mutation]
  2876 | D:3      | Gained mutation: You sometimes lose the ability to read
                  | scrolls when taking damage. [potion of mutation]
  2876 | D:3      | Gained mutation: A frigid envelope surrounds you and
                  | freezes all who hurt you. [potion of mutation]
  2876 | D:3      | Slain by a hobgoblin

Illustrated notes

Levels and vault maps discovered:
D:1:      scummos_arrival_hexagon, layout_basic
D:2:      layout_basic, minmay_shallow_snake_nest
D:3:      layout_rooms, nicolae_overflow_hidden_temple, led_sif_pool,
          shapermc_ecumenical_altar_mp_vishouse, grunt_ministairs_1

Skill      XL: |  1  2  3 |
---------------+----------+-----
Fire Magic     | 4 5 |  5.5
Dodging        | |  2.4
Stealth        | |  2.4
Spellcasting   | |  3.0
Conjurations   | |  1.1

Action                   |  1- 3 |  4- 6 || total
-------------------------+-------+-------++-------
Melee: Dagger            |    30 |     2 ||    32
 Cast: Foxfire           |    72 |    18 ||    90
  Use: Potion            |       |     1 ||     1
 Stab: Sleeping          |     3 |       ||     3
Armor: Robe              |     4 |     2 ||     6
Dodge: Dodged            |    25 |     3 ||    28
Block: Other             |    10 |       ||    10

Table legend: (Time is in decaauts)
 A = Elapsed time spent in this place.
 B = Non-inter-level travel time spent in this place.
 C = Inter-level travel time spent in this place.
 D = Time resting spent in this place.
 E = Time spent auto-exploring this place.
 F = Levels seen in this place.
 G = Mean time per level.
                   A        B        C        D        E       F      G
               +--------+--------+--------+--------+--------+-----+--------+
         Total |   2877 |   2797 |     80 |    375 |   2061 |   3 |  959.0 |
       Dungeon |   2877 |   2797 |     80 |    375 |   2061 |   3 |  959.0 |
               +--------+--------+--------+--------+--------+-----+--------+

Top non-repeatable levels by time:
     D:2: 1214 daAuts
     D:1: 1073 daAuts
     D:3: 589 daAuts
